Match 46747833
Unlisted

Match 46747833
End
Construct Section Command Post
Royal Engineer Section
Selects Canadian Shock Battlegroup
Infantry Section
Infantry Section
Grenade Package
Infantry Section
Infantry Section
Selects Incendiary Munitions
Construct Platoon Command Post
Infantry Training
Construct Field Infirmary
Selects Pyrotechnics
Selects Offensive Resupply
Selects Canadian Shock Section
6-pounder Anti-tank Gun Team
Rodey
PiiXIII
CAuMOH
Anton
0
0

Comments sign in to comment!

No comments posted yet!